 Dungeon Crawl Stone Soup version 0.29-a0-575-g0dc89cf053 (webtiles) character file.

Game seed: 5705711929509569151

62 DocClef the Covert (level 4, -4/41 HPs)
             Began as a Gnoll Delver on June 12, 2022.
             Slain by a black bear (5 damage)
             ... on level 5 of the Dungeon.
             The game lasted 00:00:26 (119 turns).

DocClef the Covert (Gnoll Delver)                    Turns: 119, Time: 00:00:26

Health: -4/41      AC:  3    Str: 11    XL:     4   Next: 8%
Magic:  5/5        EV: 13    Int:  9    God:
Gold:   33         SH:  0    Dex: 16    Spells: 5/5 levels left

rFire   . . .      SeeInvis .   a - +0 short sword
rCold   . . .      Faith    .   (no shield)
rNeg    . . .      Spirit   .   b - +0 leather armour
rPois   .          Reflect  .   (no helmet)
rElec   .          Harm     .   (no cloak)
rCorr   .          Rampage  .   (no gloves)
Will    .....                   (no boots)
Stlth   ++++......              (no amulet)
HPRegen 0.13/turn               (no ring)
MPRegen 0.09/turn               (no ring)

@: no status effects
A: fangs 1, strong nose, distributed training
a: no special abilities


You were on level 5 of the Dungeon.
You visited 1 branch of the dungeon, and saw 2 of its levels.

You collected 33 gold pieces.

Inventory:

Hand Weapons
 a - a +0 short sword (weapon)
Armour
 b - a +0 leather armour (worn)
Wands
 g - a wand of digging (3)
Scrolls
 c - a scroll of fog
 e - a scroll of fear
Potions
 f - a potion of haste


   Skills:
 + Level 6.5 Fighting
 + Level 4.6 Short Blades
 + Level 1.0 Long Blades
 + Level 1.0 Axes
 + Level 1.0 Maces & Flails
 + Level 1.0 Polearms
 + Level 1.0 Staves
 + Level 1.0 Slings
 + Level 1.0 Bows
 + Level 1.0 Crossbows
 + Level 1.0 Throwing
 + Level 1.0 Armour
 + Level 4.6 Dodging
 + Level 9.6 Stealth
 + Level 1.0 Shields
 + Level 1.0 Unarmed Combat
 + Level 1.0 Spellcasting
 + Level 0.7 Conjurations
 + Level 0.7 Hexes
 + Level 0.7 Summonings
 + Level 0.7 Necromancy
 + Level 0.7 Translocations
 + Level 0.7 Transmutations
 + Level 0.7 Fire Magic
 + Level 0.7 Ice Magic
 + Level 0.7 Air Magic
 + Level 0.7 Earth Magic
 + Level 0.7 Poison Magic
 + Level 1.1 Invocations
 + Level 1.0 Evocations


You had 5 spell levels left.
You didn't know any spells.
Your spell library contained the following spells:

 Spells                   Type           Power      Damage    Failure   Level
 Sting                    Tmut/Pois      4%         1d3       34%         1
 Poisonous Vapours        Pois/Air       2%         N/A       47%         2
 Olgreb's Toxic Radiance  Pois           1%         N/A       98%         4


Dungeon Overview and Level Annotations

Branches:
Dungeon (6/15)
 Temple: D:4-7

Altars:


Innate Abilities, Weirdness & Mutations

You have very sharp teeth.
Your uncanny sense of smell can sniff out nearby items.
Your experience applies equally to all skills.


Message History

The black bear is moderately wounded.
The black bear bites you. The black bear misses you.
The black bear closely misses you.
You barely miss the black bear.
The black bear is moderately wounded.
The black bear barely misses you. The black bear claws you.
The black bear claws you but does no damage.
You barely miss the black bear.
The black bear is moderately wounded.
You hit the black bear.
The black bear is heavily wounded.
The black bear bites you.
The black bear claws you but does no damage. x2
You closely miss the black bear.
The black bear is heavily wounded.
The black bear bites you. The black bear misses you. The black bear claws you.
* * * LOW HITPOINT WARNING * * *
You hit the black bear.
You bite the black bear, but do no damage.
The black bear is severely wounded.
The black bear bites you.
* * * LOW HITPOINT WARNING * * *
The black bear completely misses you. The black bear closely misses you.
You hit the black bear.
The black bear is almost dead.
The black bear goes berserk!
You closely miss the black bear.
The black bear is severely wounded.
The black bear closely misses you. The black bear barely misses you.
The black bear claws you.
* * * LOW HITPOINT WARNING * * *
You hit the black bear but do no damage.
Your punch misses the black bear.
You bite the black bear, but do no damage.
The black bear is severely wounded.
The black bear bites you but does no damage.
The black bear claws you.
* * * LOW HITPOINT WARNING * * *
The black bear claws you.
You die...

**,#...#* *#.#**** *,*,
*.#...####..#,*,****,*, **
**....#.....,,,,,,,,,,, ,* ****
**........,,,,,,,,,,,, ,******,,*
###.#...#,*,,,,,,,,,,,
,,,,,,*..###...#..####*,,,,,,***,
,,,,,,,.......>...!..#..,,,,,***,
,,,,,,*#.......)........,,,,,,,,,
*,,,,,*##..####.@.......,,,,,,,,,
*****,,*#.,,*#...h.....#*,,,,,,,,
****,,,***,.............*,,,,,,,,
*,***,****#.............**,*,,**,
,,,,*,,,**##..##.$.....#*,,**,,,,
,,,,*,,,,,...#*#........,,,,,,,,,
,,,,,,,**###.* ##.......,,,,,,,,,
,,,,,,,,,**.,****.......,,,,,,,,,
,,,,,,,,,,,,,,,,,,,,*,,,,,,,,*,,,


You could see a black bear (berserk).

Vanquished Creatures
  A scorpion (D:6)
  3 orcs (D:6)
4 creatures vanquished.

Notes
Turn   | Place    | Note
-------+----------+-------------------------------------------
     0 | D:5      | Reached skill level 9 in Stealth
     0 | D:5      | DocClef the Gnoll Delver began the quest for the Orb.
     0 | D:5      | Reached XP level 1. HP: 23/23 MP: 1/1
    13 | D:5      | Noticed a gnoll sergeant
    38 | D:6      | Noticed a scorpion
    42 | D:6      | Killed a scorpion
    43 | D:6      | Reached skill level 1 in Long Blades
    43 | D:6      | Reached skill level 1 in Axes
    43 | D:6      | Reached skill level 1 in Maces & Flails
    43 | D:6      | Reached skill level 1 in Polearms
    43 | D:6      | Reached skill level 1 in Staves
    43 | D:6      | Reached skill level 1 in Slings
    43 | D:6      | Reached skill level 1 in Bows
    43 | D:6      | Reached skill level 1 in Crossbows
    43 | D:6      | Reached skill level 1 in Throwing
    43 | D:6      | Reached skill level 1 in Armour
    43 | D:6      | Reached skill level 1 in Shields
    43 | D:6      | Reached skill level 1 in Unarmed Combat
    43 | D:6      | Reached skill level 1 in Spellcasting
    43 | D:6      | Reached skill level 1 in Invocations
    43 | D:6      | Reached skill level 1 in Evocations
    43 | D:6      | Reached XP level 2. HP: 29/29 MP: 1/3
    43 | D:6      | Reached XP level 3. HP: 35/35 MP: 1/4
    89 | D:6      | Reached XP level 4. HP: 41/41 MP: 5/5
   105 | D:5      | Noticed a black bear
   118 | D:5      | HP: 2/41 [black bear (2)]
   119 | D:5      | Slain by a black bear

Illustrated notes

Levels and vault maps discovered:
D:5:      layout_cave_pools, enter_ossuary_5
D:6:      layout_rooms, lemuel_temple_firewalk_b

Skill      XL: |  1 |
---------------+----+-----
Stealth        | |  9.6
Long Blades    | 1 |  1.0
Axes           | 1 |  1.0
Maces & Flails | 1 |  1.0
Polearms       | 1 |  1.0
Staves         | 1 |  1.0
Slings         | 1 |  1.0
Bows           | 1 |  1.0
Crossbows      | 1 |  1.0
Throwing       | 1 |  1.0
Armour         | 1 |  1.0
Shields        | 1 |  1.0
Unarmed Combat | 1 |  1.0
Spellcasting   | 1 |  1.0
Invocations    | 1 |  1.1
Evocations     | 1 |  1.0
Fighting       | |  6.5
Short Blades   | |  4.6
Dodging        | |  4.6
Conjurations   | |  0.7
Hexes          | |  0.7
Summonings     | |  0.7
Necromancy     | |  0.7
Translocations | |  0.7
Transmutations | |  0.7
Fire Magic     | |  0.7
Ice Magic      | |  0.7
Air Magic      | |  0.7
Earth Magic    | |  0.7
Poison Magic   | |  0.7

Action                   |  1- 3 |  4- 6 || total
-------------------------+-------+-------++-------
Melee: Short sword       |     5 |    19 ||    24
       Bite              |     1 |     3 ||     4
       Punch             |       |     1 ||     1
  Use: Scroll            |     1 |       ||     1
 Stab: Sleeping          |     1 |       ||     1
Armor: Leather armour    |       |     8 ||     8
Dodge: Dodged            |     1 |    16 ||    17

Table legend: (Time is in decaauts)
 A = Elapsed time spent in this place.
 B = Non-inter-level travel time spent in this place.
 C = Inter-level travel time spent in this place.
 D = Time resting spent in this place.
 E = Time spent auto-exploring this place.
 F = Levels seen in this place.
 G = Mean time per level.
                   A        B        C        D        E       F      G
               +--------+--------+--------+--------+--------+-----+--------+
         Total |    115 |    115 |      0 |      0 |     48 |   2 |   57.5 |
       Dungeon |    115 |    115 |      0 |      0 |     48 |   2 |   57.5 |
               +--------+--------+--------+--------+--------+-----+--------+

Top non-repeatable levels by time:
     D:6: 77 daAuts
     D:5: 38 daAuts
